 Dungeon Crawl Stone Soup version 0.29.1-2-gbd0b4ee654 (webtiles) character file.

Game seed: 7515292294163194181

39 qeuew the Sneak (level 3, -2/16 HPs)
             Began as a Spriggan Enchanter on Nov 11, 2022.
             Slain by a worm (9 damage)
             ... on level 2 of the Dungeon.
             The game lasted 00:02:04 (1807 turns).

qeuew the Sneak (Spriggan Enchanter)                Turns: 1807, Time: 00:02:05

Health: -2/16      AC:  3    Str:  4    XL:     3   Next: 28%
Magic:  1/8        EV: 18    Int: 16    God:
Gold:   65         SH:  0    Dex: 17    Spells: 6/8 levels left

rFire   . . .      SeeInvis +   a - +1 dagger
rCold   . . .      Faith    +   (no shield)
rNeg    . . .      Spirit   .   b - +1 robe
rPois   .          Reflect  .   (helmet restricted)
rElec   .          Harm     .   (no cloak)
rCorr   .          Rampage  .   (gloves unavailable)
Will    .....                   (boots unavailable)
Stlth   +++.......              h - amulet of faith
HPRegen 0.05/turn               (no ring)
MPRegen 0.11/turn               (no ring)

@: very quick
A: very small, no large weapons, unfitting armour, see invisible, speed 3
a: no special abilities


You were on level 2 of the Dungeon.
You visited 1 branch of the dungeon, and saw 2 of its levels.

You collected 65 gold pieces.

Inventory:

Hand Weapons
 a - a +1 dagger (weapon)
Armour
 b - a +1 robe (worn)
Jewellery
 g - an amulet of reflection
 h - an amulet of faith (around neck)
Scrolls
 d - 3 scrolls of silence {unknown}
 e - a scroll of magic mapping
 f - 2 scrolls of poison {unknown}
Potions
 c - 2 potions of invisibility
 i - a potion of curing


   Skills:
 + Level 1.8 Short Blades
 + Level 3.3 Dodging
 + Level 5.0 Stealth
 + Level 3.1 Spellcasting
 + Level 4.0 Hexes


You had 6 spell levels left.
You knew the following spells:

 Your Spells              Type           Power      Damage    Failure   Level
a - Ensorcelled Hibernat  Hex/Ice        18%        N/A       12%         2

Your spell library contained the following spells:

 Spells                   Type           Power      Damage    Failure   Level
 Confusing Touch          Hex            15%        N/A       11%         3
 Tukima's Dance           Hex            15%        N/A       11%         3
 Dazzling Flash           Conj/Hex       18%        N/A       24%         3


Dungeon Overview and Level Annotations

Branches:
Dungeon (2/15)

Altars:
Okawaru


Innate Abilities, Weirdness & Mutations

You are very small and have problems with some larger weapons.
You are too small for most types of armour.
You have supernaturally acute eyesight. (SInv)
You cover ground extremely quickly. (Speed+++)


Message History

The worm is severely wounded.
The worm bites you.
Your magical contamination has completely faded away.
Things that are here:
6 stones; a scroll of enchant armour
Things that are here:
6 stones; a scroll of enchant armour
Aiming: Ensorcelled Hibernation (safe; 12% risk of failure)
Press: ? - help, Q - select action Shift-Dir - straight line, f/p - worm
Aim: a worm (heavily wounded, chance to affect: 51%)
You miscast Ensorcelled Hibernation.
You are very lightly contaminated with residual magic.
Nothing appears to happen.
The worm barely misses you.
You hit the worm but do no damage.
The worm is moderately wounded.
You hit the worm but do no damage.
The worm is moderately wounded.
The worm misses you.
You hit the worm.
The worm is moderately wounded.
Your magical contamination has completely faded away.
You hit the worm.
The worm is moderately wounded.
The worm closely misses you.
You hit the worm.
The worm is moderately wounded.
You hit the worm.
The worm is heavily wounded.
The worm misses you.
You hit the worm.
The worm is heavily wounded.
The worm closely misses you.
You hit the worm.
The worm is heavily wounded.
You hit the worm.
The worm is severely wounded.
The worm bites you!
Ouch! That really hurt!
You die...

######## #......# ##
##......### ...
......... ....
#####......# .....
#..........#
......#####.[........#
..........(.w@.......#
..>......#..............
...#..####.†...###.#....
. #..... #.........# ...
. #..## #.<.......# . .
.. ##.)..##.# . .
#.......# . ..#
###..#### . ....####..#
.


You could see a worm.

Vanquished Creatures
  A worm (D:2)
  2 dart slugs (D:2)
  3 orcs (D:2)
  2 endoplasms (D:1)
  A giant cockroach (D:1)
  2 goblins
  2 hobgoblins
  A kobold (D:1)
  4 quokkas
  2 ball pythons (D:1)
  3 bats
  4 frilled lizards
  2 rats
29 creatures vanquished.

Notes
Turn   | Place    | Note
-------+----------+-------------------------------------------
     0 | D:1      | qeuew the Spriggan Enchanter began the quest for the Orb.
     0 | D:1      | Reached XP level 1. HP: 9/9 MP: 5/5
    50 | D:1      | Found a faded altar of an unknown god.
   544 | D:1      | Reached XP level 2. HP: 13/13 MP: 6/6
   751 | D:1      | Learned a level 2 spell: Ensorcelled Hibernation
  1468 | D:2      | Found an iron altar of Okawaru.
  1487 | D:2      | Reached XP level 3. HP: 16/16 MP: 8/8
  1763 | D:2      | Reached skill level 5 in Stealth
  1807 | D:2      | Slain by a worm

Illustrated notes

Levels and vault maps discovered:
D:1:      amcnicky_arrival_underground_garden, layout_loops_corners,
          ebering_ecumenical_altar_box
D:2:      layout_basic, basic_altar

Skill      XL: |  1  2  3 |
---------------+----------+-----
Dodging        | 3 |  3.3
Spellcasting   | 3 |  3.1
Hexes          | 4 |  4.0
Stealth        | 5 |  5.0
Short Blades   | |  1.8

Action                   || total
-------------------------++-------
Melee: Dagger            ||    95
 Cast: Ensorcelled Hiber ||     4
  Use: Scroll            ||     5
       Potion            ||     2
 Stab: Sleeping          ||    12
       Distracted        ||     1
Armor: Robe              ||     5
Dodge: Dodged            ||    45
